 Dungeon Crawl Stone Soup version 0.32-a0-630-g46d191b0ed (webtiles) character file.

Game seed: 10185598297134660756

2 Esekla the Sneak (level 1, 0/16 HPs)
             Began as an Octopode Delver on Mar 7, 2024.
             Succumbed to an adder's poison
             ... on level 5 of the Dungeon.
             The game lasted 00:01:31 (121 turns).

Esekla the Sneak (Octopode Delver)                   Turns: 121, Time: 00:01:31

Health: 0/16       AC:  1    Str: 11    XL:     1   Next: 30%
Magic:  1/1        EV: 13    Int: 12    God:
Gold:   0          SH:  0    Dex: 13    Spells: 0/0 levels left

rFire   . . .        a - +0 falchion
rCold   . . .        (no shield)
rNeg    . . .        (helmet restricted)
rPois   .            (no amulet)
rElec   .            (no ring)
rCorr   .            (no ring)
SInv    .            (no ring)
Will    .....        (no ring)
Stlth   ++++         (no ring)
HPRegen 0.22/turn    (no ring)
MPRegen 0.07/turn    (no ring)
                     (no ring)

%: no passive effects
@: lethally poisoned (0 -> -7), hasted, very quick
A: almost no armour, amphibious, 8 rings, camouflage 1, gelatinous body 1,
(nimble swimmer 1), tentacles
a: no special abilities


You were on level 5 of the Dungeon.
You visited 1 branch of the dungeon, and saw 1 of its levels.

Inventory:

Hand Weapons
 a - a +0 falchion (weapon)
Wands
 f - a wand of digging (3)
Scrolls
 b - a scroll of fog


   Skills:
 * Level 3.0 Fighting
 + Level 2.0 Long Blades
 * Level 2.0 Dodging
 + Level 6.6 Stealth


You couldn't memorise any spells.
You didn't know any spells.
Your spell library contained the following spells:

 Spells                   Type           Power      Damage    Failure   Level
 Ensorcelled Hibernation  Hex/Ice        0%         N/A       45%         2
 Passwall                 Erth           0%         N/A       69%         3
 Swiftness                Air            0%         N/A       69%         3


Dungeon Overview and Level Annotations

Branches:
Dungeon (5/15)
 Temple: D:4-7

Altars:
Cheibriados
Makhleb
Okawaru
Ru
Sif Muna
Wu Jian


Innate Abilities, Weirdness & Mutations

You cannot wear most types of armour.
You are amphibious.
You can wear up to eight rings at the same time.
Your skin changes colour to match your surroundings (Stealth+).
Your rubbery body absorbs attacks. (AC +1, EV +1)
((You are camouflaged when in or above water. (Stealth+)))
You have tentacles for arms and can constrict up to eight enemies at once.


Message History

You see here 7 stones.
You start resting.
HP restored.
Found a sacrificial altar of Ru and a shimmering blue altar of Sif Muna.
An iguana comes into view.
Found a ring mail and a short sword.
Found an iron altar of Okawaru.
The iguana hisses angrily.
An adder comes into view.
You feel yourself speed up.
Found an ornate altar of the Wu Jian Council.
The iguana attacks as it pursues you! The iguana bites you!
The adder hisses angrily.
The adder bites you. The adder closely misses you.
The iguana attacks as it pursues you! The iguana barely misses you.
The iguana attacks as it pursues you! The iguana closely misses you.
You see here a +0 short sword.
Found a burning altar of Makhleb.
The adder attacks as it pursues you! The adder barely misses you.
Found a book of Burglary.
Found a snail-covered altar of Cheibriados.
There is a burning altar of Makhleb here.
You see here a book of Burglary.
You pick up a book of Burglary and begin reading...
You add the spells Ensorcelled Hibernation, Swiftness and Passwall to your library.
The adder bites you but does no damage. The adder attacks as it pursues you!
The adder bites you.
You are poisoned.
The adder poisons you!
You feel sick.
You feel sick. The adder attacks as it pursues you! The adder bites you.
* * * LOW HITPOINT WARNING * * *
The iguana hisses menacingly.
* * * LOW HITPOINT WARNING * * *
You feel sick. The adder attacks as it pursues you! The adder bites you.
* * * LOW HITPOINT WARNING * * *
You are more poisoned.
The adder poisons you!
You die...

***####### *,*
##.....## *,*
##..._...## *,*
#..ß...⌠..# *,*
#....#....# *,*
#######._.###._.#
*,*
#.....#....##.lS#
*,*
#.#...#..ß).#...##
*,*
#.#...##....#..@.#
*,*
#.#._.###._.####.#
*,* #.#....#.[..#
*.#***,*
#(#..⌠...ß..#
*..,,,,*
##.##..._...##
*###****
...###.....## ...#
####### ...# ...#


You could see an iguana and an adder.

Vanquished Creatures
  An orc (D:5)
1 creature vanquished.

Notes
Turn   | Place    | Note
-------+----------+-------------------------------------------
     0 | D:5      | Esekla the Octopode Delver began the quest for the Orb.
     0 | D:5      | Reached XP level 1. HP: 16/16 MP: 1/1
     6 | D:5      | Noticed an orc priest
    23 | D:5      | Noticed an ice beast
    93 | D:5      | Found a sacrificial altar of Ru.
    93 | D:5      | Found a shimmering blue altar of Sif Muna.
    98 | D:5      | Found an iron altar of Okawaru.
    98 | D:5      | Noticed an iguana
   102 | D:5      | Found an ornate altar of the Wu Jian Council.
   108 | D:5      | Found a burning altar of Makhleb.
   111 | D:5      | Found a snail-covered altar of Cheibriados.
   121 | D:5      | Succumbed to an adder's poison

Illustrated notes

Levels and vault maps discovered:
D:5:      layout_basic, nicolae_overflow_hallway_of_the_gods

Action                     || total
---------------------------++-------
  Melee: Falchion          ||     1
    Use: Scroll            ||     2
         Potion            ||     1
   Stab: Sleeping          ||     1
 Armour: Skin              ||     6
  Dodge: Dodged            ||     4

Table legend: (Time is in decaauts)
 A = Elapsed time spent in this place.
 B = Non-inter-level travel time spent in this place.
 C = Inter-level travel time spent in this place.
 D = Time resting spent in this place.
 E = Time spent auto-exploring this place.
 F = Levels seen in this place.
 G = Mean time per level.
                   A        B        C        D        E       F      G
               +--------+--------+--------+--------+--------+-----+--------+
         Total |    114 |    114 |      0 |     26 |      0 |   1 |  114.0 |
       Dungeon |    114 |    114 |      0 |     26 |      0 |   1 |  114.0 |
               +--------+--------+--------+--------+--------+-----+--------+

Top non-repeatable levels by time:
     D:5: 114 daAuts
